 Dungeon Crawl Stone Soup version 0.25.1-8-g42b30a86e7 (webtiles) character file.

Game seed: 3143385250882426043

753 Snicker the Insei (level 7, -2/43 HPs)
             Began as an Octopode Transmuter on Dec 16, 2020.
             Killed by divine providence
             ... invoked by an orc priest
              (12 damage)
             ... on level 4 of the Dungeon.
             The game lasted 00:17:21 (4760 turns).

Snicker the Insei (Octopode Transmuter)             Turns: 4760, Time: 00:17:22

Health: -2/43      AC:  1    Str:  9    XL:     7   Next: 79%
Magic:  8/11       EV: 14    Int: 18    God:
Gold:   146        SH:  5    Dex: 12    Spells: 4/12 levels left

rFire    . . .     SeeInvis .   a - +1 short sword (drain)
rCold    . . .     Gourm    .   (no shield)
rNeg     . . .     Faith    .   (helmet restricted)
rPois    .         Spirit   .   h - amulet of reflection
rElec    .         Reflect  +   (no ring)
rCorr    .         Harm     .   (no ring)
MR       .....                  (no ring)
Stlth    +++.......             (no ring)
HPRegen  0.14/turn              (no ring)
MPRegen  0.12/turn              (no ring)
                                (no ring)
                                (no ring)

@: appendage
A: almost no armour, stealthy swim, amphibious, 8 rings, constrict 8, tentacle
spike 3, camouflage 1, gelatinous body 1
a: End Transformation


You were on level 4 of the Dungeon.
You were not hungry.
One of your tentacles had a temporary spike.
You visited 1 branch of the dungeon, and saw 4 of its levels.

You collected 146 gold pieces.

Inventory:

Hand Weapons
 a - a +1 short sword of draining (weapon)
Missiles
 f - 12 arrows
Jewellery
 h - an amulet of reflection (around mantle)
 t - an uncursed amulet of guardian spirit
Wands
 u - a wand of random effects (14)
Scrolls
 b - 7 scrolls of identify {unknown}
 e - 2 scrolls of magic mapping {unknown}
 g - 3 scrolls of blinking {unknown}
 l - a scroll of enchant armour {unknown}
 m - 4 scrolls of remove curse {unknown}
 p - a scroll of teleportation {unknown}
Potions
 d - 2 potions of curing
 i - a potion of lignification {unknown}
 j - a potion of might {unknown}
 k - a potion of mutation {unknown}
 n - a potion of stabbing {unknown}
 o - 2 potions of heal wounds {unknown}
 q - a potion of degeneration {unknown}
 r - 2 potions of brilliance {unknown}
 s - a potion of flight {unknown}
 v - a potion of cancellation {unknown}
Comestibles
 c - 5 rations
 w - 3 chunks of flesh


   Skills:
 + Level 1.6 Fighting
 + Level 2.1 Short Blades
 + Level 2.9 Dodging
 + Level 3.8 Stealth
 * Level 5.5 Unarmed Combat
 + Level 3.0 Spellcasting
 * Level 4.5 Transmutations
 + Level 1.3 Poison Magic


You had 4 spell levels left.
You knew the following spells:

 Your Spells              Type           Power        Failure   Level  Hunger
a - Beastly Appendage     Tmut           ###...       2%          1    None
b - Spider Form           Tmut/Pois      ##........   14%         3    ###....
c - Ice Form              Ice/Tmut       ##......     54%         4    ####...

Your spell library contained the following spells:

 Spells                   Type           Power        Failure   Level  Hunger
 Sticks to Snakes         Tmut           ###.....     3%          2    ##.....
 Blade Hands              Tmut           ###.......   56%         5    ######.


Dungeon Overview and Level Annotations

Branches:
Dungeon (4/15)
 Temple: D:4-7

Altars:
Dithmenos
Okawaru
Qazlal


Innate Abilities, Weirdness & Mutations

You cannot wear most types of armour.
You are very stealthy in the water. (Stealth+)
You are amphibious.
You can wear up to eight rings at the same time.
You can use your tentacles to constrict eight enemies at once.
Your skin changes colour to match your surroundings (Stealth+).
Your rubbery body absorbs attacks. (AC +1, EV +1)
One of your tentacles bears a large vicious spike.


Message History

You barely miss the orc.
The orc priest shouts!
You grab the orc. You constrict the orc. The orc hits you with a +0 dagger.
* * * LOW HITPOINT WARNING * * *
You release your grip on the orc.
The orc priest calls down the wrath of Beogh upon you.
Beogh smites you!
* * * LOW HITPOINT WARNING * * *
The orc closely misses you.
It was a potion of curing.
You feel better. The orc hits you but does no damage.
The orc barely misses you.
Your magical contamination has completely faded away.
You hit the orc. You grab the orc.
You pierce the orc.
You kill the orc!
You hit the orc. Your grab misses the orc.
The orc is lightly wounded.
The orc barely misses you.
The orc priest invokes the aid of Beogh against you.
Beogh smites you!
You die...

..%.....### #..
.......#.##.. . ..
#..........# .
..###..o.....#
.......)..##.##
........##....##
#.#.#......o..#.....#
..#.##.....).)..## .##
.....#........##@#...##
.............#o.......#
..........#.#.......###
..........###......##
..........##..#.####
..............###
.รท........##.##
...........###
.........###


You could see an orc priest and an orc.

Vanquished Creatures
  Sigmund (D:2)
  Eustachio (D:3)
  A hound (D:3)
  4 orc wizards
  Natasha (thrice) (D:2)
  3 worker ants
  3 gnolls (D:3)
  4 adders
  2 oozes (D:3)
  A worm (D:3)
  5 dart slugs
  2 leopard geckos
  11 orcs
  A ball python (D:1)
  5 giant cockroaches
  5 goblins
  6 hobgoblins
  8 jackals
  5 bats
  4 frilled lizards
  6 kobolds
  2 rats (D:1)
83 creatures vanquished.

Notes
Turn   | Place    | Note
-------+----------+-------------------------------------------
     0 | D:1      | Snicker the Octopode Transmuter began the quest for the
                  | Orb.
     0 | D:1      | Reached XP level 1. HP: 13/13 MP: 3/3
   135 | D:1      | Reached XP level 2. HP: 13/18 MP: 3/5
   768 | D:1      | Reached XP level 3. HP: 23/23 MP: 4/6
   776 | D:1      | Learned a level 3 spell: Spider Form
  1504 | D:2      | Reached skill level 1 in Stealth
  1618 | D:2      | Found a shadowy altar of Dithmenos.
  1633 | D:2      | Found a faded altar of an unknown god.
  1645 | D:2      | Noticed Sigmund
  1766 | D:2      | Reached XP level 4. HP: 28/28 MP: 3/7
  1774 | D:2      | Killed Sigmund
  1774 | D:2      | Reached skill level 4 in Unarmed Combat
  1774 | D:2      | Reached XP level 5. HP: 23/33 MP: 4/8
  1774 | D:2      | Reached XP level 6. HP: 26/38 MP: 4/9
  2165 | D:2      | Noticed Natasha
  2188 | D:2      | Killed Natasha
  2374 | D:2      | Noticed Natasha
  2383 | D:2      | Killed Natasha
  2419 | D:2      | Noticed Natasha
  2428 | D:2      | Killed Natasha
  3004 | D:3      | Reached skill level 5 in Unarmed Combat
  3027 | D:3      | Reached XP level 7. HP: 27/43 MP: 9/11
  3425 | D:3      | Found a stormy altar of Qazlal.
  3556 | D:3      | Reached skill level 1 in Short Blades
  3665 | D:3      | Learned a level 4 spell: Ice Form
  3754 | D:4      | Found an iron altar of Okawaru.
  3754 | D:4      | Noticed Eustachio
  4366 | D:3      | Killed Eustachio
  4366 | D:3      | Reached skill level 1 in Poison Magic
  4754 | D:4      | HP: 2/43 [orc priest/divine providence (10)]
  4760 | D:4      | Killed from afar by an orc priest

Illustrated notes

Levels and vault maps discovered:
D:1:      lemuel_arrival_funnel, layout_loops_ring, serial_glass,
          glass_columns_b, glass_columns_a
D:2:      layout_loops_ring, serial_bayou, serial_bayou_crossing,
          serial_bayou_ford_a, serial_bayou_lagoon_b, serial_bayou_pond_d,
          chequers_ecumenical_altar_simple, grunt_dithmenos_smoke_and_mirrors,
          uniq_sigmund, uniq_natasha
D:3:      layout_rooms, nicolae_overflow_hidden_temple,
          nicolae_qazlal_eye_of_the_storm
D:4:      layout_cave_pools, lemuel_crystal_altar, first_ration, uniq_duvessa,
          uniq_eustachio

Skill      XL: |  1  2  3  4  5  6  7 |
---------------+----------------------+-----
Stealth        | 1 3 |  3.8
Transmutations | 3 4 |  4.5
Unarmed Combat | 4 5 |  5.5
Short Blades   | 2 |  2.1
Poison Magic   | 1 |  1.3
Spellcasting   | 3 |  3.0
Fighting       | |  1.6
Dodging        | |  2.9

Action                   |  1- 3 |  4- 6 |  7- 9 || total
-------------------------+-------+-------+-------++-------
Melee: Unarmed           |    51 |    35 |    41 ||   127
       Constrict         |    16 |    15 |     5 ||    36
       Tentacles         |    10 |     7 |     1 ||    18
       Kick              |     9 |    11 |     3 ||    23
       Punch             |     1 |       |       ||     1
       Short sword       |     4 |    49 |    22 ||    75
 Cast: Beastly Appendage |    14 |     5 |     4 ||    23
       Spider Form       |     2 |     4 |     6 ||    12
  Use: Potion            |       |       |     1 ||     1
 Stab: Sleeping          |     6 |     1 |     3 ||    10
  Eat: Chunk             |     3 |     3 |     1 ||     7
       Ration            |       |     1 |     1 ||     2
Armor: Skin              |     4 |       |     6 ||    10
Dodge: Dodged            |    33 |    35 |    61 ||   129
Block: Other             |     2 |    16 |    22 ||    40
